 Dungeon Crawl Stone Soup version 0.21.1-1-g345015f (webtiles) character file.

306 tevo3000 the Covered (level 6, -6/47 HPs)
             Began as a Barachi Fighter on Feb 26, 2018.
             Was an Initiate of Cheibriados.
             Killed by nerve-wracking pain
             ... invoked by Grinder
              (14 damage)
             ... on level 4 of the Dungeon.
             The game lasted 00:10:00 (3253 turns).

tevo3000 the Covered (Barachi Fighter)              Turns: 3253, Time: 00:10:00

Health: -6/47      AC:  8    Str: 19 (20) XL:     6   Next: 39%
Magic:  6/6        EV:  7    Int:  6 (9)  God:    Cheibriados [......]
Gold:   197        SH:  9    Dex: 10 (13) Spells: 5/5 levels left

rFire    . . .     SeeInvis .   n - +1 hand axe (freeze)
rCold    . . .     Gourm    .   c - +0 shield
rNeg     . . .     Faith    .   b - +0 scale mail
rPois    .         Spirit   .   g - +0 helmet
rElec    .         Reflect  .   (no cloak)
rCorr    .         Harm     .   (no gloves)
MR       .....                  (no boots)
Stlth    ..........             (no amulet)
HPRegen  0.15/turn              (no ring)
MPRegen  0.10/turn              (no ring)

@: very slow
A: +LOS, swims, slowness 1, strong legs 1
a: Hop, Bend Time, Renounce Religion


You were on level 4 of the Dungeon.
You worshipped Cheibriados.
Cheibriados was noncommittal.
You were not hungry.

You visited 1 branch of the dungeon, and saw 4 of its levels.

You collected 197 gold pieces.

Inventory:

Hand Weapons
 n - a +1 hand axe of freezing (weapon)
Armour
 b - a +0 scale mail (worn)
 c - a +0 shield (worn)
 g - a +0 helmet (worn)
Scrolls
 a - a scroll of amnesia {unknown}
 e - 3 scrolls of identify
 h - a scroll of immolation
Comestibles
 f - 8 rations


   Skills:
 - Level 3.6 Fighting
 * Level 4.8 Axes
 * Level 5.9 Armour
 + Level 4.5 Shields


You had 5 spell levels left.
You didn't know any spells.

Dungeon Overview and Level Annotations

Branches:
Dungeon (4/15)
 Temple: D:4-7

Altars:
Cheibriados
Dithmenos
Elyvilon
Hepliaklqana
Makhleb
Sif Muna
Uskayaw
Xom
Yredelemnul

Annotations:
D:4 Grinder


Innate Abilities, Weirdness & Mutations

Shadows flee at your approach. (+LOS)
You can swim through water.
You cover ground slowly.
You can hop short distances.


Message History

You aren't carrying any potions.
You hit Grinder.
Grinder is heavily wounded.
You block Grinder's attack.
You hit Grinder.
Grinder is heavily wounded.
Grinder gestures at you. Pain shoots through your body!
* * * LOW HITPOINT WARNING * * *
You hit Grinder.
Grinder is heavily wounded.
Grinder barely misses you.
You hit Grinder.
Grinder is heavily wounded.
Grinder hits you but does no damage.
You hit Grinder.
Grinder is severely wounded.
Grinder gestures at you. Pain shoots through your body!
You die...

.# *,,,*
##.........
##*******,,,*
#.......###
,,,,,,,,*,,,*
#.......###
,,,,,,,,+,,,*
#.......##.
,,,,,,,,*,*,* #####
#.......##.
,,,,,,,,*,*,* #...#
#.......##.
,,,,,,,,*,*,* #...#
#.......###
,********,*,*
#...#####.......#
,* *,*,*
#.@.'...'.......#
,* *,*,*
#.5.#####.......#
,* *,*,* #...#
#.......# ,* *,*,*
##+## ######### ,*
*,*,* *,* ,* *,*,*
*,* ,*
*,*,****,**********
***
*,*,,,,*,*,,,,,,,,*
,,*
*,****,*,*,******,*


You could see Grinder.

Vanquished Creatures
  2 orc priests
  An orc wizard (D:4)
  Ijyb (D:4)
  A worker ant (D:2)
  Robin (D:3)
  4 adders
  An ooze (D:3)
  An adder skeleton (D:4)
  3 worms
  A dart slug (D:1)
  4 leopard geckos
  10 orcs
  8 bats
  6 giant cockroaches
  18 goblins
  7 hobgoblins
  5 jackals
  A quokka (D:2)
  3 ball pythons
  6 frilled lizards
  4 kobolds
  4 rats (D:1)
92 creatures vanquished.

Notes
Turn   | Place    | Note
-------+----------+-------------------------------------------
     0 | D:1      | tevo3000 the Barachi Fighter began the quest for the Orb.
     0 | D:1      | Reached XP level 1. HP: 18/18 MP: 1/1
   150 | D:1      | Reached XP level 2. HP: 24/24 MP: 2/2
   194 | D:1      | Reached skill level 4 in Armour
   617 | D:1      | Reached XP level 3. HP: 29/29 MP: 3/3
  1263 | D:2      | Reached XP level 4. HP: 32/36 MP: 4/4
  1681 | D:2      | Reached skill level 5 in Armour
  1967 | D:2      | Found a shadowy altar of Dithmenos.
  1968 | D:2      | Found a hazy altar of Hepliaklqana.
  2099 | D:3      | Reached XP level 5. HP: 34/41 MP: 5/5
  2139 | D:3      | Found a basalt altar of Yredelemnul.
  2214 | D:3      | Found a white marble altar of Elyvilon.
  2368 | D:3      | Found a deep blue altar of Sif Muna.
  2368 | D:3      | Found a hide-covered altar of Uskayaw.
  2396 | D:3      | Noticed Robin
  2416 | D:3      | Killed Robin
  2633 | D:2      | Found a shimmering altar of Xom.
  2633 | D:2      | Found a snail-covered altar of Cheibriados.
  2635 | D:2      | Found a burning altar of Makhleb.
  2649 | D:2      | Became a worshipper of Cheibriados the Contemplative
  2924 | D:4      | Reached XP level 6. HP: 25/47 MP: 6/6
  3145 | D:4      | Noticed Ijyb
  3159 | D:4      | Killed Ijyb
  3229 | D:4      | Noticed Grinder
  3230 | D:4      | Paralysed by Grinder for 7 turns
  3253 | D:4      | Killed from afar by Grinder

Skill      XL: |  1  2  3  4  5 |
---------------+----------------+-----
Armour         | 4 5 |  5.9
Axes           | 3 4 |  4.8
Shields        | 4 |  4.5
Fighting       | |  3.6

Action                   |  1- 3 |  4- 6 || total
-------------------------+-------+-------++-------
Melee: War axe           |   108 |   202 ||   310
       Hand axe          |       |    26 ||    26
 Abil: Hop               |       |     1 ||     1
  Use: Potion            |     2 |     6 ||     8
       Scroll            |       |     3 ||     3
  Eat: Chunk             |       |     3 ||     3
       Ration            |       |     2 ||     2
Armor: Scale mail        |    69 |    98 ||   167
Dodge: Dodged            |    50 |    70 ||   120
Block: Shield            |    85 |   116 ||   201
